 Dungeon Crawl Stone Soup version 0.21.1-75-g79f4511 (webtiles) character file.

371 asishallab the Charmwright (level 6, -2/51 HPs)
             Began as a Gnoll Skald on Aug 18, 2018.
             Slain by a mummy (13 damage)
             ... in an ossuary.
             The game lasted 00:14:04 (4131 turns).

asishallab the Charmwright (Gnoll Skald)            Turns: 4131, Time: 00:14:04

Health: -2/51      AC:  8    Str: 11    XL:     6   Next: 71%
Magic:  2/14       EV: 11    Int: 15    God:
Gold:   165        SH:  0    Dex: 17    Spells: 4/15 levels left

rFire    . . .     SeeInvis .   a - +2 dagger (vamp)
rCold    + . .     Gourm    .   (no shield)
rNeg     . . .     Faith    .   l - +0 ring mail
rPois    .         Spirit   .   (helmet restricted)
rElec    .         Reflect  .   (no cloak)
rCorr    .         Harm     .   r - +0 pair of gloves (curse)
MR       .....                  (no boots)
Stlth    ++........             (no amulet)
HPRegen  1.17/turn              n - ring of stealth
MPRegen  0.14/turn              (no ring)

@: very slightly contaminated, regenerating, heavily drained
A: distributed training, antennae 1, fangs 1, hooves 1, yellow scales 1, cold
resistance 1, weak 1, strong nose
a: no special abilities


You were in an ossuary.
You were hungry.

You visited 1 branch of the dungeon, and saw 4 of its levels.
You also visited: Ossuary.

You collected 165 gold pieces.

Inventory:

Hand Weapons
 a - a +2 vampiric dagger (weapon)
 b - a +0 hunting sling
 p - a +1 hand axe
Missiles
 o - 67 stones
 q - 19 sling bullets
 w - 5 tomahawks (quivered)
Armour
 l - a +0 ring mail (worn)
 r - a cursed +0 pair of gloves (worn)
Jewellery
 n - a ring of stealth (left hand)
 u - a cursed amulet of inaccuracy {unknown}
Wands
 v - a wand of random effects (25)
Scrolls
 e - 5 scrolls of remove curse
 h - 2 scrolls of teleportation
 i - a scroll of enchant weapon
 j - 2 scrolls of blinking
 k - 2 scrolls of amnesia
 s - 3 scrolls of identify
Potions
 f - a potion of flight
 g - a potion of might
 m - 3 potions of curing
Books
 c - a book of Battle

   Spells                             Type                      Level
   a - Infusion                       Charms                       1
   b - Shroud of Golubria             Charms/Translocation         2
   c - Song of Slaying                Charms                       2
   d - Spectral Weapon                Hexes/Charms                 3
   e - Regeneration                   Charms/Necromancy            3
Comestibles
 d - 7 rations
 t - 3 chunks of flesh


   Skills:
 + Level 5.0(2.8) Fighting
 + Level 2.0(0.0) Short Blades
 + Level 2.0(0.0) Long Blades
 + Level 5.0(2.8) Axes
 + Level 2.0(0.0) Maces & Flails
 + Level 2.0(0.0) Polearms
 + Level 2.0(0.0) Staves
 + Level 2.0(0.0) Slings
 + Level 2.0(0.0) Bows
 + Level 2.0(0.0) Crossbows
 + Level 2.0(0.0) Throwing
 + Level 3.3(1.2) Armour
 + Level 5.0(2.8) Dodging
 + Level 2.0(0.0) Stealth
 + Level 2.0(0.0) Shields
 + Level 2.0(0.0) Unarmed Combat
 + Level 5.4(3.1) Spellcasting
 + Level 1.6(0.0) Conjurations
 + Level 1.6(0.0) Hexes
 + Level 5.7(3.4) Charms
 + Level 1.6(0.0) Summonings
 + Level 1.6(0.0) Necromancy
 + Level 1.6(0.0) Translocations
 + Level 1.6(0.0) Transmutations
 + Level 1.6(0.0) Fire Magic
 + Level 1.6(0.0) Ice Magic
 + Level 1.6(0.0) Air Magic
 + Level 1.6(0.0) Earth Magic
 + Level 1.6(0.0) Poison Magic
 + Level 2.2(0.2) Invocations
 + Level 2.0(0.0) Evocations


You had 4 spell levels left.
You knew the following spells:

 Your Spells              Type           Power        Failure   Level  Hunger
a - Infusion              Chrm           ##..         11%         1    #......
b - Shroud of Golubria    Chrm/Tloc      #.........   34%         2    ##.....
c - Song of Slaying       Chrm           ##......     17%         2    ##.....
d - Spectral Weapon       Hex/Chrm       #.......     56%         3    ###....
e - Regeneration          Chrm/Necr      #.........   56%         3    ###....


Dungeon Overview and Level Annotations

Branches:
Dungeon (4/15)
 Temple: D:4-7

Altars:


Innate Abilities, Weirdness & Mutations

Your experience applies equally to all skills.
You have very sharp teeth.
Your uncanny sense of smell can sniff out nearby items.
You have a pair of small antennae on your head.
You have large cloven feet.
You are partially covered in yellow scales. (AC +2)
Your flesh is cold resistant. (rC+)
You are weak. (Str -2)


Message History

You are too injured to fight recklessly!
You are too injured to fight recklessly!
You are too injured to fight recklessly!
You hit the mummy but do no damage. You kick the mummy, but do no damage.
The mummy is moderately damaged.
The mummy barely misses you. The mummy misses you.
Some of the chunks of flesh in your inventory have rotted away.
You hit the mummy but do no damage. You bite the mummy, but do no damage.
The mummy is moderately damaged.
The mummy barely misses you. The mummy hits you!
* * * LOW HITPOINT WARNING * * *
Your shroud falls apart!
The mummy closely misses you.
You hit the mummy but do no damage. You kick the mummy.
You bite the mummy, but do no damage.
The mummy is heavily damaged.
You hit the mummy but do no damage. You bite the mummy.
The mummy is heavily damaged.
The mummy hits you but does no damage. The mummy hits you!
You die...

∆∆∆
∆∆∆#.+
∆∆∆
∆∆∆+.#
∆∆∆
∆∆∆#.+
#.## +.'
#####.#
#∩.M#.+{
#.∩@M.#
#..M#.'.#
#####.###
..+ #'#
#.# ###


You could see 3 mummies.

Vanquished Creatures
  Terence (D:3)
  3 orc wizards
  2 worker ants (D:4)
  A hound skeleton (D:4)
  3 gnolls (D:2)
  6 adders
  An ooze (D:1)
  An adder skeleton (D:2)
  A worm (D:2)
  A dart slug (D:3)
  3 leopard geckos (D:2)
  17 orcs
  3 giant cockroaches
  14 goblins
  6 hobgoblins
  9 jackals
  6 kobolds
  2 quokkas
  11 bats
  6 frilled lizards
  A hobgoblin zombie (D:4)
  8 rats
  A rat zombie (D:4)
107 creatures vanquished.

Vanquished Creatures (others)
  An orc (D:4)
  A jackal (D:4)
  2 withered plants (Ossuary)
4 creatures vanquished.

Grand Total: 111 creatures vanquished

Notes
Turn   | Place    | Note
-------+----------+-------------------------------------------
     0 | D:1      | asishallab the Gnoll Skald began the quest for the Orb.
     0 | D:1      | Reached XP level 1. HP: 20/20 MP: 6/6
   136 | D:1      | Reached XP level 2. HP: 26/26 MP: 7/7
   421 | D:1      | Learned a level 2 spell: Shroud of Golubria
   424 | D:1      | Learned a level 2 spell: Song of Slaying
   928 | D:1      | Gained mutation: Your body sometimes deteriorates upon taking damage. [potion of mutation]
   928 | D:1      | Gained mutation: You are agile. (Dex +2) [potion of mutation]
   928 | D:1      | Gained mutation: You are partially covered in yellow scales. (AC +2) [potion of mutation]
   990 | D:2      | Reached XP level 3. HP: 23/31 MP: 9/9
   990 | D:2      | Reached skill level 5 in Spellcasting
  1104 | D:2      | Reached skill level 1 in Invocations
  1105 | D:2      | Reached skill level 1 in Short Blades
  1105 | D:2      | Reached skill level 1 in Long Blades
  1105 | D:2      | Reached skill level 1 in Maces & Flails
  1105 | D:2      | Reached skill level 1 in Polearms
  1105 | D:2      | Reached skill level 1 in Staves
  1105 | D:2      | Reached skill level 1 in Slings
  1105 | D:2      | Reached skill level 1 in Bows
  1105 | D:2      | Reached skill level 1 in Crossbows
  1105 | D:2      | Reached skill level 1 in Throwing
  1105 | D:2      | Reached skill level 1 in Stealth
  1105 | D:2      | Reached skill level 1 in Shields
  1105 | D:2      | Reached skill level 1 in Unarmed Combat
  1105 | D:2      | Reached skill level 1 in Evocations
  1105 | D:2      | Reached XP level 4. HP: 16/38 MP: 0/11
  1296 | D:2      | Learned a level 3 spell: Spectral Weapon
  1300 | D:2      | Learned a level 3 spell: Regeneration
  1704 | D:2      | Lost mutation: Your body sometimes deteriorates upon taking damage. [potion of mutation]
  1704 | D:2      | Lost mutation: You are agile. (Dex +2) [potion of mutation]
  1704 | D:2      | Gained mutation: You have large cloven feet. [potion of mutation]
  1704 | D:2      | Gained mutation: You have a pair of small antennae on your head. [potion of mutation]
  1704 | D:2      | Gained mutation: You are weak. (Str -2) [potion of mutation]
  1704 | D:2      | Gained mutation: Your flesh is cold resistant. (rC+) [potion of mutation]
  1861 | D:2      | Reached skill level 1 in Conjurations
  1861 | D:2      | Reached skill level 1 in Hexes
  1861 | D:2      | Reached skill level 1 in Summonings
  1861 | D:2      | Reached skill level 1 in Necromancy
  1861 | D:2      | Reached skill level 1 in Translocations
  1861 | D:2      | Reached skill level 1 in Transmutations
  1861 | D:2      | Reached skill level 1 in Fire Magic
  1861 | D:2      | Reached skill level 1 in Ice Magic
  1861 | D:2      | Reached skill level 1 in Air Magic
  1861 | D:2      | Reached skill level 1 in Earth Magic
  1861 | D:2      | Reached skill level 1 in Poison Magic
  1882 | D:2      | Reached XP level 5. HP: 41/43 MP: 12/12
  3073 | D:3      | Noticed Terence
  3109 | D:3      | Killed Terence
  3109 | D:3      | Reached XP level 6. HP: 14/50 MP: 5/13
  3555 | D:3      | You fall through a shaft!
  3837 | D:4      | Reached skill level 5 in Fighting
  3837 | D:4      | Reached skill level 5 in Axes
  3837 | D:4      | Reached skill level 5 in Dodging
  3888 | D:4      | Found a sand-covered staircase.
  4102 | Ossuary  | Entered an ossuary
  4131 | Ossuary  | Slain by a mummy

Skill      XL: |  1  2  3  4  5  6 |
---------------+-------------------+-----
Spellcasting   | 5 |  5.4
Invocations    | 1 2 |  2.2
Short Blades   | 1 2 |  2.0
Long Blades    | 1 2 |  2.0
Maces & Flails | 1 2 |  2.0
Polearms       | 1 2 |  2.0
Staves         | 1 2 |  2.0
Slings         | 1 2 |  2.0
Bows           | 1 2 |  2.0
Crossbows      | 1 2 |  2.0
Throwing       | 1 2 |  2.0
Stealth        | 1 2 |  2.0
Shields        | 1 2 |  2.0
Unarmed Combat | 1 2 |  2.0
Evocations     | 1 2 |  2.0
Conjurations   | 1 |  1.6
Hexes          | 1 |  1.6
Summonings     | 1 |  1.6
Necromancy     | 1 |  1.6
Translocations | 1 |  1.6
Transmutations | 1 |  1.6
Fire Magic     | 1 |  1.6
Ice Magic      | 1 |  1.6
Air Magic      | 1 |  1.6
Earth Magic    | 1 |  1.6
Poison Magic   | 1 |  1.6
Armour         | 3 |  3.3
Fighting       | 5 |  5.0
Axes           | 5 |  5.0
Dodging        | 5 |  5.0
Charms         | |  5.7

Action                   |  1- 3 |  4- 6 || total
-------------------------+-------+-------++-------
Melee: Hand axe          |    64 |   119 ||   183
       Bite              |     8 |    47 ||    55
       Kick              |       |    81 ||    81
       Dagger            |       |   241 ||   241
 Fire: Hunting sling     |       |     2 ||     2
Throw: Stone             |       |    17 ||    17
 Cast: Shroud of Golubri |     1 |     7 ||     8
       Infusion          |     1 |     1 ||     2
       Regeneration      |       |     7 ||     7
       Song of Slaying   |       |     1 ||     1
  Use: Scroll            |     4 |     3 ||     7
       Potion            |     3 |     3 ||     6
  Eat: Chunk             |     1 |     9 ||    10
       Ration            |       |     2 ||     2
Armor: Leather armour    |    10 |       ||    10
       Ring mail         |    14 |   192 ||   206
Dodge: Dodged            |    56 |   357 ||   413
